 Dungeon Crawl Stone Soup version 0.19-a0-1662-gb81896f (webtiles) character file.

22 Naow the Chopper (level 2, -3/39 HPs)
             Began as a Minotaur Berserker on Sept 21, 2016.
             Was a Follower of Trog.
             Slain by a gnoll
             ... wielding a +0 halberd
              (13 damage)
             ... on level 2 of the Dungeon.
             The game lasted 00:01:15 (1115 turns).

Naow the Chopper (Minotaur Berserker)               Turns: 1115, Time: 00:01:15

Health: -3/39      AC:  2    Str: 26    XL:     2   Next: 68%
Magic:  1/1        EV: 12    Int:  4    God:    Trog [*.....]
Gold:   36         SH:  0    Dex:  9    Spells: 0 memorised, 1 level left

rFire  . . .     SeeInvis .     a - +0 hand axe
rCold  . . .     Gourm    .     b - +0 animal skin
rNeg   . . .     Faith    .     (no shield)
rPois  .         Spirit   .     (helmet restricted)
rElec  .         Dismiss  .     (no cloak)
rCorr  .         Reflect  .     (no gloves)
MR     .....     Harm     .     (no boots)
Stlth  ..........               (no amulet)
                                (no ring)
                                (no ring)

@: berserking, very quick
A: retaliatory headbutt, horns 2
a: Berserk, Burn Spellbooks, Renounce Religion


You were on level 2 of the Dungeon.
You worshipped Trog.
Trog was aware of your devotion.
You were hungry.

You visited 1 branch of the dungeon, and saw 2 of its levels.

You collected 36 gold pieces.

Inventory:

Hand Weapons
 a - a +0 hand axe (weapon)
Armour
 b - a +0 animal skin (worn)
 l - a +0 cloak
Jewellery
 k - an uncursed ring of magical power {unknown}
Scrolls
 e - 4 scrolls of identify {unknown}
 i - 2 scrolls of recharging {unknown}
 j - 2 scrolls of noise {unknown}
Potions
 h - a potion of mutation {unknown}
 m - a potion of flight {unknown}
Comestibles
 c - 2 bread rations
 d - a slice of pizza
 f - a beef jerky
 g - 3 fruits


   Skills:
 - Level 3.6 Fighting
 + Level 4.8 Axes
 - Level 2.4 Armour
 - Level 2.1 Dodging


You had one spell level left.
You didn't know any spells.

Dungeon Overview and Level Annotations

Branches:
Dungeon (2/15)

Altars:
Elyvilon


Innate Abilities, Weirdness & Mutations

You reflexively headbutt those who attack you in melee.
You have a pair of horns on your head.


Message History

The gnoll shouts! x2
There is a stone staircase leading down here.
The gnoll barely misses you. You furiously retaliate!
You headbutt the gnoll. You hit the gnoll but do no damage.
The gnoll is heavily wounded.
The gnoll hits you!
You hit the gnoll. Your headbutt misses the gnoll.
The gnoll is almost dead.
You closely miss the gnoll. The gnoll barely misses you.
You furiously retaliate!
You headbutt the gnoll, but do no damage.
The gnoll hits you from afar with a halberd!
The gnoll closely misses you. You furiously retaliate!
You headbutt the gnoll. The gnoll barely misses you.
A red film seems to cover your vision as you go berserk!
You feel yourself moving faster!
You feel mighty!
You feel somewhat more hungry. The gnoll misses you. The gnoll hits you.
* * * LOW HITPOINT WARNING * * *
The gnoll hits you from afar with a halberd!
You die...

#. .# #.#.# #####
#.#.#.#.# .....#
#.#.#.#.# .....#
#.#.#.#.###.....#
#.#.#......g....#
#.#.#.#..ggg....#
..######.#.#.#..@.#
#..........#.#>...#
..>...............#
#.######.###.###+##
#...# #.# ##.#.#
#.# ###†.r###..#
#≈≈...≈≈##.#
##≈..♣..≈####


You could see 4 gnolls.

Vanquished Creatures
  A dart slug (D:1)
  2 giant cockroaches (D:1)
  5 hobgoblins (D:1)
  2 jackals (D:1)
  2 kobolds (D:1)
  3 bats (D:1)
  A frilled lizard (D:1)
  2 rats
18 creatures vanquished.

Notes
Turn   | Place    | Note
-------+----------+-------------------------------------------
     0 | D:1      | Naow the Minotaur Berserker began the quest for the Orb.
     0 | D:1      | Reached XP level 1. HP: 19/19 MP: 0/0
     2 | D:1      | Noticed a ghoul
     4 | D:1      | Noticed an octopode
     4 | D:1      | Noticed a felid
     6 | D:1      | Noticed a vine stalker
     6 | D:1      | Noticed a troll
     8 | D:1      | Noticed a vampire
     8 | D:1      | Noticed a draconian
    10 | D:1      | Noticed a spriggan
    10 | D:1      | Noticed an ogre
    12 | D:1      | Noticed a minotaur
    12 | D:1      | Noticed a halfling
    14 | D:1      | Noticed a dwarf
    14 | D:1      | Noticed an elf
    16 | D:1      | Noticed a naga
    18 | D:1      | Noticed a tengu
    18 | D:1      | Noticed a gargoyle
    22 | D:1      | Noticed a formicid
    22 | D:1      | Noticed a human
    25 | D:1      | Noticed a centaur
    25 | D:1      | Noticed a demigod
    27 | D:1      | Noticed a merfolk
    27 | D:1      | Noticed a demonspawn
   167 | D:1      | Reached skill level 4 in Axes
   320 | D:1      | Reached XP level 2. HP: 19/26 MP: 1/1
  1089 | D:2      | Found a white marble altar of Elyvilon.
  1115 | D:2      | Slain by a gnoll

Vault maps used:
D:1:      kb_arrival_jail
D:2:      minitemple, elyvilon_altar_4

Skill      XL: |  1 |
---------------+----+-----
Axes           | 4 |  4.8
Fighting       | |  3.6
Armour         | |  2.4
Dodging        | |  2.1

Action                   || total
-------------------------++-------
Melee: Hand axe          ||    45
       Headbutt          ||    11
Invok: Berserk           ||     1
Armor: Animal skin       ||     8
Dodge: Dodged            ||    36
